 Dungeon Crawl Stone Soup version 0.30-a0-719-gcc4359ea44 (webtiles) character file.

Game seed: 14255672719821345418

59 oldmanjim the Magician (level 4, -3/33 HPs)
             Began as a Djinni Conjurer on Jan 27, 2023.
             Was an Initiate of Ru.
             Slain by Terence
             ... wielding a +0 flail
              (11 damage)
             ... on level 3 of the Dungeon.
             The game lasted 00:03:58 (1935 turns).

oldmanjim the Magician (Djinni Conjurer)            Turns: 1935, Time: 00:03:59

Health: -3/33      AC:  2    Str:  6    XL:     4   Next: 22%
Gold:   176        EV: 12    Int: 22    God:    Ru [......] SH:  0 Dex: 11

rFire   + . .      SeeInvis .    (no weapon)
rCold   . . .      Faith    .    (no shield)
rNeg    . . .      Spirit   .    a - +0 robe
rPois   ∞          Reflect  .    (no helmet)
rElec   .          Harm     .    (no cloak)
rCorr   .          Rampage  .    (no gloves)
Will    .....                    (boots unavailable)
Stlth   ++                       (no amulet)
HPRegen 0.25/turn                c - ring of ice
MPRegen 0.00/turn                (no ring)

@: flying
A: sickness immunity, fire resistance 2, cold vulnerability 1, float, innate
caster, HP casting, extra vitality 1
a: Renounce Religion, Sacrifice Purity, Sacrifice Experience, Sacrifice a Hand,
Reject Sacrifices


You were on level 3 of the Dungeon.
You worshipped Ru.
Ru was noncommittal.
You visited 1 branch of the dungeon, and saw 3 of its levels.

You collected 176 gold pieces.

Inventory:

Missiles
 e - 16 stones
 m - 3 poisoned darts
Armour
 a - a +0 robe (worn)
Jewellery
 c - a ring of ice (left hand)
Wands
 p - a wand of flame (18)
Scrolls
 f - 2 scrolls of teleportation
 h - a scroll of amnesia {unknown}
 i - a scroll of fear {unknown}
 j - a scroll of enchant armour {unknown}
 k - a scroll of brand weapon {unknown}
 l - a scroll of noise {unknown}
 n - a scroll of enchant weapon {unknown}
 r - a scroll of silence {unknown}
Potions
 b - a potion of magic
 d - 5 potions of curing
 g - a potion of might {unknown}
 o - a potion of degeneration {unknown}
 q - a potion of mutation {unknown}


   Skills:
 + Level 1.9 Fighting
 - Level 3.0 Dodging
 - Level 1.5 Stealth
 + Level 3.7 Spellcasting


You couldn't memorise any spells.
You knew the following spells:

 Your Spells              Type           Power      Damage    Failure   Level
a - Magic Dart            Conj           80%        1d7       2%          1
b - Searing Ray           Conj           40%        2d5       3%          2
c - Dazzling Flash        Conj/Hex       40%        N/A       8%          3
d - Fulminant Prism       Conj/Hex       10%        3d9       26%         4
e - Iskenderun's Mystic   Conj/Tloc      20%        2d6       26%         4
f - Freeze                Ice            100%       1d10      2%          1
Your spell library was empty.

Dungeon Overview and Level Annotations

Branches:
Dungeon (3/15)

Altars:
Ashenzari
Ru

Annotations:
D:3 Terence


Innate Abilities, Weirdness & Mutations

You are immune to sickness and miasma.
You are immune to poison.
Your flesh is very heat resistant. (rF++)
You are vulnerable to cold. (rC-)
You float through the air rather than walking.
You learn spells naturally, not from books.
Your magical power is your life essence.
You have superior vitality. (+4 MHP)


Message History

Terence is heavily wounded.
Terence drinks a potion.
Terence is healed!
Terence is nearby!
Casting: Magic Dart (safe; 2% risk of failure)
Confirm with . or Enter, or press ? or * to list all spells.
Aiming: Magic Dart (safe; 2% risk of failure)
Press: ? - help, Shift-Dir - straight line, f/p - Terence
Aim: Terence, wielding a +0 flail and wearing a +0 ring mail (lightly wounded, 100% to hit)
The magic dart hits Terence but does no damage.
Terence is lightly wounded.
Terence is nearby!
Casting: Magic Dart (safe; 2% risk of failure)
Confirm with . or Enter, or press ? or * to list all spells.
Aiming: Magic Dart (safe; 2% risk of failure)
Press: ? - help, Shift-Dir - straight line, f/p - Terence
Aim: Terence, wielding a +0 flail and wearing a +0 ring mail (lightly wounded, 100% to hit)
The magic dart hits Terence.
Terence is moderately wounded.
Terence is nearby!
Casting: Magic Dart (safe; 2% risk of failure)
Confirm with . or Enter, or press ? or * to list all spells.
Aiming: Magic Dart (safe; 2% risk of failure)
Press: ? - help, Shift-Dir - straight line, f/p - Terence
Aim: Terence, wielding a +0 flail and wearing a +0 ring mail (moderately wounded, 100% to hit)
The magic dart hits Terence but does no damage.
Terence is moderately wounded.
Terence hits you with a +0 flail!
Terence is nearby!
Casting: Magic Dart (safe; 2% risk of failure)
Confirm with . or Enter, or press ? or * to list all spells.
Aiming: Searing Ray (safe; 3% risk of failure)
Press: ? - help, Shift-Dir - straight line, f/p - Terence
Aim: Terence, wielding a +0 flail and wearing a +0 ring mail (moderately wounded, 81% to hit)
The searing ray hits Terence.
Terence is severely wounded. (Press . to maintain the ray.) Terence hits you with a +0 flail!
* * * LOW HITPOINT WARNING * * *
Terence hits you with a +0 flail!
You die...

##### ######
#≈≈≈###.#..####
###≈..#.#.≈....####
#.@.##...~≈###.....
#@..###.~≈.# #.....
.........#≈#.≈..# #.....
.........#≈#....###.....
.........#≈≈..~≈≈##.....
...........≈..≈.........
...........≈≈.≈.........
......##....≈≈..........
###.........#~.......###


You could see Terence.

Vanquished Creatures
  2 adders
  A worm (D:3)
  2 dart slugs
  3 orcs (D:3)
  4 endoplasms
  2 giant cockroaches
  4 goblins
  2 hobgoblins (D:1)
  3 ball pythons
  2 bats
  A frilled lizard (D:2)
  3 kobolds
  2 rats (D:1)
31 creatures vanquished.

Notes
Turn   | Place    | Note
-------+----------+-------------------------------------------
     0 | D:1      | oldmanjim the Djinni Conjurer began the quest for the Orb.
     0 | D:1      | oldmanjim set off with the following spells memorised:
                  | Magic Dart, Searing Ray, Dazzling Flash, Fulminant Prism,
                  | Iskenderun's Mystic Blast.
     0 | D:1      | Reached XP level 1. HP: 15/15 MP: 0/0
   277 | D:1      | Reached XP level 2. HP: 13/22 MP: 0/0
   417 | D:1      | Reached skill level 1 in Fighting
   824 | D:2      | Reached XP level 3. HP: 24/27 MP: 0/0
   824 | D:2      | Learned a level 1 spell: Freeze
  1415 | D:2      | Found a faded altar of an unknown god.
  1566 | D:2      | Prayed at the altar of an unknown god.
  1566 | D:2      | Became a worshipper of Ru the Awakened
  1803 | D:3      | Reached XP level 4. HP: 31/33 MP: 0/0
  1838 | D:3      | Found a broken altar of Ashenzari.
  1926 | D:3      | Noticed Terence
  1935 | D:3      | Slain by Terence

Illustrated notes

Levels and vault maps discovered:
D:1:      dpeg_arrival_three_same_balls, layout_basic, minmay_door_square,
          chequers_serial_rivers_room_b
D:2:      layout_basic, dreamdust_ecumenical_altar_statues
D:3:      layout_basic, evilmike_ruin_ashenzari, zin_academy,
          nicolae_dithmenos_through_a_glass_darkly, serial_rivers,
          chequers_serial_rivers_large_a, chequers_serial_rivers_small_b,
          chequers_serial_rivers_micro_e, chequers_serial_rivers_micro_a,
          nicolae_wormholes, uniq_terence

Skill      XL: |  1  2  3 |
---------------+----------+-----
Fighting       | 1 |  1.9
Dodging        | 3 |  3.0
Stealth        | |  1.5
Spellcasting   | |  3.7

Action                     |  1- 3 |  4- 6 || total
---------------------------+-------+-------++-------
   Cast: Magic Dart        |    64 |    15 ||    79
         Searing Ray       |       |     1 ||     1
    Use: Scroll            |     1 |       ||     1
  Dodge: Dodged            |     1 |       ||     1

Table legend: (Time is in decaauts)
 A = Elapsed time spent in this place.
 B = Non-inter-level travel time spent in this place.
 C = Inter-level travel time spent in this place.
 D = Time resting spent in this place.
 E = Time spent auto-exploring this place.
 F = Levels seen in this place.
 G = Mean time per level.
                   A        B        C        D        E       F      G
               +--------+--------+--------+--------+--------+-----+--------+
         Total |   1933 |   1821 |    112 |      0 |   1667 |   3 |  644.3 |
       Dungeon |   1933 |   1821 |    112 |      0 |   1667 |   3 |  644.3 |
               +--------+--------+--------+--------+--------+-----+--------+

Top non-repeatable levels by time:
     D:1: 817 daAuts
     D:2: 796 daAuts
     D:3: 319 daAuts
